2123 views
Uploaded 2022-09-06 03:58:32
Game version 1.33
31:27 long 3on3 ladder game on (6)ThunderLake_LV
Saved by GIGA
2123 views
Uploaded 2022-09-06 03:58:32
Game version 1.33
31:27 long 3on3 ladder game on (6)ThunderLake_LV


96 units @ 9.1k
/ 1.3k
135 buildings @ 9.4k
/ 4.3k


| Replenishment Potion | 1 | 150 |
| total: | 1 | 150g |
| Peasant | 14 | 1050 | / | 0 |
| Dragonhawk Rider | 5 | 1000 | / | 150 |
| total: | 19 | 2050g | / | 150w |
| Scout Tower | 69 | 2070 | / | 1380 |
| Arcane Tower | 11 | 770 | / | 550 |
| Guard Tower | 12 | 840 | / | 600 |
| Altar of Kings | 2 | 360 | / | 100 |
| Farm | 12 | 960 | / | 240 |
| Lumber Mill | 3 | 360 | / | 0 |
| Arcane Vault | 1 | 130 | / | 30 |
| Gryphon Aviary | 1 | 140 | / | 150 |
| Arcane Sanctum | 1 | 150 | / | 140 |
| Keep | 1 | 320 | / | 210 |
| Castle | 1 | 360 | / | 210 |
| total: | 89 | 4170g | / | 2040w |
| 0:06 | Altar of Kings |
| 0:10 | Farm |
| 0:10 | Farm |
| 0:32 | Peasant |
| 0:32 | Peasant |
| 0:39 | Scout Tower |
| 0:54 | Peasant |
| 1:03 | Farm |
| 1:22 | Lumber Mill |
| 1:24 | Peasant |
| 1:24 | Peasant |
| 1:24 | Peasant |
| 1:24 | Peasant |
| 1:56 | Peasant |
| 2:08 | Arcane Tower |
| 2:23 | Peasant |
| 2:24 | Peasant |
| 2:24 | Peasant |
| 2:30 | Peasant |
| 2:33 | Improved Lumber Harvesting |
| 2:42 | Storm Bolt |
| 3:08 | Scout Tower |
| 3:09 | Scout Tower |
| 3:12 | Scout Tower |
| 3:13 | Scout Tower |
| 3:25 | Peasant |
| 3:29 | Peasant |
| 3:33 | Improved Masonry |
| 3:40 | Scout Tower |
| 3:41 | Scout Tower |
| 3:43 | Scout Tower |
| 3:44 | Scout Tower |
| 3:46 | Scout Tower |
| 3:46 | Scout Tower |
| 3:49 | Scout Tower |
| 3:50 | Scout Tower |
| 3:55 | Guard Tower |
| 4:13 | Keep |
| 5:18 | Guard Tower |
| 5:23 | Scout Tower |
| 5:24 | Scout Tower |
| 5:25 | Scout Tower |
| 5:26 | Scout Tower |
| 6:04 | Scout Tower |
| 6:05 | Scout Tower |
| 6:06 | Scout Tower |
| 6:07 | Scout Tower |
| 6:12 | Scout Tower |
| 6:15 | Guard Tower |
| 6:40 | Advanced Masonry |
| 6:51 | Scout Tower |
| 6:52 | Scout Tower |
| 6:53 | Scout Tower |
| 6:54 | Guard Tower |
| 7:10 | Lumber Mill |
| 7:24 | Castle |
| 8:39 | Guard Tower |
| 8:41 | Scout Tower |
| 8:42 | Scout Tower |
| 8:45 | Scout Tower |
| 8:47 | Scout Tower |
| 9:18 | Gryphon Aviary |
| 9:28 | Arcane Vault |
| 9:40 | Holy Light |
| 10:13 | Imbued Masonry |
| 10:46 | Cloud |
| 10:50 | Farm |
| 10:51 | Farm |
| 10:52 | Farm |
| 10:59 | Scout Tower |
| 10:59 | Scout Tower |
| 11:03 | Scout Tower |
| 11:05 | Scout Tower |
| 11:14 | Dragonhawk Rider |
| 11:14 | Dragonhawk Rider |
| 11:16 | Dragonhawk Rider |
| 11:40 | Arcane Tower |
| 12:04 | Arcane Tower |
| 12:18 | Arcane Sanctum |
| 12:45 | Arcane Tower |
| 13:31 | Divine Shield |
| 13:42 | Divine Shield |
| 13:52 | Replenishment Potion |
| 14:11 | Magic Sentry |
| 14:20 | Scout Tower |
| 14:21 | Scout Tower |
| 14:22 | Scout Tower |
| 14:24 | Arcane Tower |
| 16:36 | Scout Tower |
| 16:37 | Scout Tower |
| 16:38 | Scout Tower |
| 16:42 | Scout Tower |
| 16:42 | Scout Tower |
| 16:43 | Scout Tower |
| 16:44 | Scout Tower |
| 17:05 | Scout Tower |
| 17:06 | Scout Tower |
| 17:08 | Scout Tower |
| 17:08 | Scout Tower |
| 17:11 | Guard Tower |
| 17:13 | Arcane Tower |
| 17:14 | Arcane Tower |
| 17:34 | Farm |
| 17:35 | Farm |
| 17:37 | Dragonhawk Rider |
| 17:37 | Dragonhawk Rider |
| 17:49 | Scout Tower |
| 17:51 | Guard Tower |
| 17:53 | Scout Tower |
| 17:53 | Scout Tower |
| 18:55 | Guard Tower |
| 19:27 | Scout Tower |
| 19:28 | Scout Tower |
| 19:31 | Altar of Kings |
| 19:35 | Scout Tower |
| 21:40 | Arcane Tower |
| 21:44 | Scout Tower |
| 21:46 | Scout Tower |
| 21:47 | Scout Tower |
| 21:47 | Scout Tower |
| 21:48 | Scout Tower |
| 21:49 | Scout Tower |
| 23:36 | Holy Light |
| 26:20 | Farm |
| 26:22 | Farm |
| 26:34 | Farm |
| 26:35 | Farm |
| 26:46 | Scout Tower |
| 26:47 | Scout Tower |
| 26:52 | Scout Tower |
| 26:53 | Scout Tower |
| 26:58 | Scout Tower |
| 26:58 | Scout Tower |
| 26:59 | Scout Tower |
| 27:05 | Scout Tower |
| 27:06 | Scout Tower |
| 27:07 | Scout Tower |
| 27:47 | Lumber Mill |
| 28:36 | Arcane Tower |
| 28:38 | Arcane Tower |
| 28:39 | Guard Tower |
| 29:58 | Guard Tower |
| 30:22 | Arcane Tower |
| 30:24 | Guard Tower |
| 30:30 | Storm Bolt |
| 30:43 | Guard Tower |
| 30:52 | Devotion Aura |
| Right click | 1421 |
| Select group | 926 |
| Select | 463 |
| Build/train/purchase | 90 |
| Resource trade | 45 |
| Assign group | 27 |
| Minimap ping | 22 |
| Use ability | 16 |
| Misc. action | 1 |
| Item give/drop | 1 |
| Remove unit | 1 |
| Esc | 1 |
Cabeelibob
(194)
(31:13) : 
| Healing Salve | 1 | 100 |
| Lesser Clarity Potion | 3 | 210 |
| Potion of Healing | 1 | 150 |
| Orb of Lightning | 1 | 375 |
| Potion of Mana | 1 | 200 |
| Tiny Great Hall | 2 | 1200 |
| Staff of Teleportation | 1 | 150 |
| Boots of Speed | 1 | 250 |
| Gloves of Haste | 1 | 125 |
| Claws of Attack +6 | 1 | 125 |
| total: | 13 | 2885g |
| Peon | 22 | 1650 | / | 0 |
| Troll Witch Doctor | 4 | 580 | / | 100 |
| total: | 26 | 2230g | / | 100w |
| Watch Tower | 6 | 660 | / | 480 |
| Altar of Storms | 1 | 180 | / | 50 |
| Orc Burrow | 3 | 480 | / | 120 |
| War Mill | 1 | 205 | / | 0 |
| Voodoo Lounge | 1 | 130 | / | 30 |
| Great Hall | 1 | 385 | / | 185 |
| Spirit Lodge | 1 | 150 | / | 150 |
| Stronghold | 1 | 315 | / | 190 |
| Fortress | 1 | 325 | / | 190 |
| total: | 14 | 2190g | / | 1015w |
| 0:03 | Altar of Storms |
| 0:07 | Orc Burrow |
| 0:09 | Peon |
| 0:29 | Peon |
| 0:29 | Peon |
| 0:50 | Peon |
| 0:58 | War Mill |
| 1:24 | Voodoo Lounge |
| 1:26 | Peon |
| 1:34 | Peon |
| 2:05 | Wind Walk |
| 2:10 | Watch Tower |
| 2:18 | Peon |
| 2:36 | Watch Tower |
| 3:26 | Peon |
| 3:28 | Peon |
| 3:28 | Peon |
| 3:30 | Watch Tower |
| 4:06 | Watch Tower |
| 5:28 | Peon |
| 5:28 | Peon |
| 5:33 | Watch Tower |
| 5:58 | Orc Burrow |
| 6:20 | Great Hall |
| 6:47 | Critical Strike |
| 9:53 | Stronghold |
| 10:00 | Orc Burrow |
| 10:04 | Healing Salve |
| 10:31 | Peon |
| 10:31 | Peon |
| 11:02 | Critical Strike |
| 11:34 | Peon |
| 11:34 | Peon |
| 11:34 | Peon |
| 12:03 | Gloves of Haste |
| 12:28 | Fortress |
| 13:14 | Claws of Attack +6 |
| 13:41 | Spirit Lodge |
| 13:45 | Watch Tower |
| 14:17 | Lesser Clarity Potion |
| 14:20 | Potion of Healing |
| 14:49 | Staff of Teleportation |
| 14:49 | Boots of Speed |
| 15:24 | Orb of Lightning |
| 15:57 | Witch Doctor Adept Training |
| 17:54 | Wind Walk |
| 17:59 | Lesser Clarity Potion |
| 18:00 | Potion of Mana |
| 20:31 | Witch Doctor Master Training |
| 20:34 | Tiny Great Hall |
| 21:45 | Critical Strike |
| 23:08 | Troll Witch Doctor |
| 23:08 | Troll Witch Doctor |
| 23:08 | Troll Witch Doctor |
| 23:37 | Peon |
| 23:37 | Peon |
| 23:37 | Peon |
| 23:37 | Peon |
| 23:37 | Peon |
| 23:49 | Shaman Adept Training |
| 23:57 | Troll Witch Doctor |
| 23:58 | Shaman Master Training |
| 24:50 | Lesser Clarity Potion |
| 25:22 | Tiny Great Hall |
| 30:40 | Bladestorm |
| Right click | 739 |
| Select | 175 |
| Resource trade | 152 |
| Select group | 115 |
| Misc. action | 104 |
| Build/train/purchase | 94 |
| Chat | 76 |
| Use ability | 16 |
| Item give/drop | 6 |
| Minimap ping | 6 |
| Remove unit | 2 |
| Assign group | 1 |



| Ring of Protection +5 | 1 | 600 |
| Ring of Protection +4 | 1 | 300 |
| total: | 2 | 900g |
| Peasant | 20 | 1500 | / | 0 |
| Flying Machine | 28 | 2800 | / | 840 |
| Mortar Team | 3 | 540 | / | 210 |
| total: | 51 | 4840g | / | 1050w |
| Scout Tower | 8 | 240 | / | 160 |
| Arcane Tower | 4 | 280 | / | 200 |
| Guard Tower | 2 | 140 | / | 100 |
| Altar of Kings | 2 | 360 | / | 100 |
| Farm | 14 | 1120 | / | 280 |
| Lumber Mill | 3 | 360 | / | 0 |
| Town Hall | 1 | 385 | / | 205 |
| Blacksmith | 1 | 140 | / | 60 |
| Workshop | 3 | 420 | / | 420 |
| Keep | 1 | 320 | / | 210 |
| Castle | 1 | 360 | / | 210 |
| total: | 32 | 3025g | / | 1225w |
| 0:02 | Peasant |
| 0:07 | Peasant |
| 0:10 | Altar of Kings |
| 0:12 | Peasant |
| 0:17 | Peasant |
| 0:19 | Farm |
| 0:21 | Peasant |
| 0:29 | Peasant |
| 0:52 | Lumber Mill |
| 0:55 | Farm |
| 1:03 | Peasant |
| 1:19 | Peasant |
| 1:33 | Scout Tower |
| 1:35 | Scout Tower |
| 1:39 | Peasant |
| 1:54 | Improved Lumber Harvesting |
| 2:06 | Arcane Tower |
| 2:22 | Peasant |
| 2:23 | Peasant |
| 2:34 | Arcane Tower |
| 2:36 | Guard Tower |
| 2:38 | Peasant |
| 2:45 | Storm Bolt |
| 3:08 | Peasant |
| 3:10 | Improved Masonry |
| 3:12 | Scout Tower |
| 3:13 | Scout Tower |
| 3:19 | Town Hall |
| 3:23 | Scout Tower |
| 3:31 | Peasant |
| 4:08 | Arcane Tower |
| 4:15 | Guard Tower |
| 5:14 | Keep |
| 5:26 | Blacksmith |
| 6:08 | Scout Tower |
| 6:09 | Scout Tower |
| 6:10 | Scout Tower |
| 6:23 | Black Gunpowder |
| 7:06 | Lumber Mill |
| 7:13 | Altar of Kings |
| 7:20 | Farm |
| 7:21 | Farm |
| 7:34 | Arcane Tower |
| 8:49 | Peasant |
| 8:49 | Peasant |
| 8:49 | Peasant |
| 8:49 | Peasant |
| 8:55 | Advanced Lumber Harvesting |
| 9:10 | Bash |
| 9:11 | Bash |
| 9:24 | Peasant |
| 9:25 | Peasant |
| 10:06 | Castle |
| 10:09 | Workshop |
| 10:12 | Workshop |
| 10:37 | Advanced Masonry |
| 10:48 | Holy Light |
| 11:07 | Workshop |
| 11:15 | Farm |
| 11:16 | Farm |
| 11:17 | Farm |
| 11:20 | Farm |
| 11:30 | Flak Cannons |
| 11:31 | Flare |
| 11:40 | Refined Gunpowder |
| 12:07 | Farm |
| 12:07 | Farm |
| 12:08 | Farm |
| 12:09 | Farm |
| 12:10 | Farm |
| 12:10 | Farm |
| 12:42 | Flying Machine Bombs |
| 13:42 | Fragmentation Shards |
| 13:43 | Flying Machine |
| 13:43 | Flying Machine |
| 14:13 | Flying Machine |
| 14:13 | Flying Machine |
| 14:14 | Flying Machine |
| 14:14 | Flying Machine |
| 14:14 | Flying Machine |
| 14:50 | Flying Machine |
| 15:53 | Flying Machine |
| 15:54 | Flying Machine |
| 17:03 | Flying Machine |
| 17:03 | Flying Machine |
| 17:03 | Flying Machine |
| 17:04 | Flying Machine |
| 17:04 | Flying Machine |
| 17:13 | Storm Bolt |
| 17:14 | Storm Bolt |
| 17:16 | Holy Light |
| 17:29 | Flying Machine |
| 18:04 | Flying Machine |
| 18:13 | Flying Machine |
| 18:38 | Flying Machine |
| 18:39 | Flying Machine |
| 18:39 | Flying Machine |
| 19:09 | Imbued Gunpowder |
| 20:43 | Lumber Mill |
| 21:25 | Bash |
| 21:26 | Bash |
| 22:27 | Mortar Team |
| 22:29 | Mortar Team |
| 22:56 | Mortar Team |
| 24:05 | Divine Shield |
| 24:39 | Flying Machine |
| 24:40 | Flying Machine |
| 24:40 | Flying Machine |
| 24:40 | Flying Machine |
| 24:41 | Flying Machine |
| 24:41 | Flying Machine |
| 24:41 | Flying Machine |
| 25:14 | Iron Plating |
| 29:03 | Ring of Protection +5 |
| 29:04 | Ring of Protection +4 |
| 29:15 | Storm Bolt |
| 30:41 | Blizzard |
| Right click | 1218 |
| Select group | 381 |
| Select | 319 |
| Build/train/purchase | 107 |
| Misc. action | 100 |
| Use ability | 76 |
| Resource trade | 31 |
| Esc | 18 |
| Minimap ping | 12 |
| Assign group | 8 |
| Item give/drop | 2 |
| Remove unit | 1 |
142 units @ 22.3k
/ 4k
99 buildings @ 11.3k
/ 5.8k


| Lesser Clarity Potion | 4 | 280 |
| Scroll of Regeneration | 2 | 200 |
| Potion of Healing | 3 | 450 |
| Potion of Mana | 1 | 200 |
| Scroll of Healing | 2 | 500 |
| Scroll of Town Portal | 1 | 350 |
| Potion of Lesser Invulnerability | 1 | 150 |
| total: | 14 | 2130g |
| Peasant | 12 | 900 | / | 0 |
| Rifleman | 9 | 1845 | / | 270 |
| Dragonhawk Rider | 6 | 1200 | / | 180 |
| Mortar Team | 5 | 900 | / | 350 |
| Siege Engine | 11 | 2145 | / | 660 |
| total: | 43 | 6990g | / | 1460w |
| Scout Tower | 8 | 240 | / | 160 |
| Guard Tower | 4 | 280 | / | 200 |
| Arcane Tower | 1 | 70 | / | 50 |
| Altar of Kings | 1 | 180 | / | 50 |
| Farm | 16 | 1280 | / | 320 |
| Lumber Mill | 3 | 360 | / | 0 |
| Barracks | 2 | 320 | / | 120 |
| Blacksmith | 1 | 140 | / | 60 |
| Arcane Vault | 1 | 130 | / | 30 |
| Gryphon Aviary | 1 | 140 | / | 150 |
| Workshop | 2 | 280 | / | 280 |
| Keep | 1 | 320 | / | 210 |
| Castle | 1 | 360 | / | 210 |
| total: | 35 | 3070g | / | 1170w |
| 0:01 | Peasant |
| 0:02 | Peasant |
| 0:06 | Altar of Kings |
| 0:18 | Farm |
| 0:27 | Peasant |
| 0:35 | Peasant |
| 0:52 | Peasant |
| 1:01 | Peasant |
| 1:33 | Peasant |
| 1:57 | Peasant |
| 2:09 | Lumber Mill |
| 2:34 | Farm |
| 2:38 | Scout Tower |
| 3:33 | Guard Tower |
| 3:36 | Farm |
| 3:41 | Barracks |
| 3:47 | Blacksmith |
| 5:32 | Rifleman |
| 5:32 | Rifleman |
| 5:37 | Arcane Vault |
| 5:38 | Keep |
| 5:41 | Farm |
| 5:48 | Scout Tower |
| 6:15 | Lesser Clarity Potion |
| 6:36 | Rifleman |
| 6:38 | Black Gunpowder |
| 6:38 | Studded Leather Armor |
| 6:41 | Guard Tower |
| 6:47 | Barracks |
| 7:28 | Rifleman |
| 7:29 | Rifleman |
| 7:58 | Drunken Brawler |
| 8:29 | Scout Tower |
| 8:50 | Peasant |
| 8:50 | Peasant |
| 8:52 | Rifleman |
| 8:53 | Rifleman |
| 8:53 | Long Rifles |
| 8:59 | Guard Tower |
| 9:01 | Scout Tower |
| 9:10 | Scout Tower |
| 9:29 | Arcane Tower |
| 9:41 | Refined Gunpowder |
| 9:45 | Improved Lumber Harvesting |
| 9:53 | Guard Tower |
| 10:06 | Gryphon Aviary |
| 10:12 | Lesser Clarity Potion |
| 10:13 | Scroll of Regeneration |
| 10:15 | Lesser Clarity Potion |
| 10:50 | Rifleman |
| 11:00 | Farm |
| 11:01 | Farm |
| 11:08 | Farm |
| 11:10 | Farm |
| 11:13 | Farm |
| 11:18 | Farm |
| 11:25 | Farm |
| 11:47 | Castle |
| 11:58 | Lumber Mill |
| 12:15 | Rifleman |
| 12:20 | Dragonhawk Rider |
| 12:21 | Dragonhawk Rider |
| 12:26 | Farm |
| 13:49 | Dragonhawk Rider |
| 13:52 | Reinforced Leather Armor |
| 14:18 | Cloud |
| 14:20 | Dragonhawk Rider |
| 15:12 | Breath of Fire |
| 16:04 | Drunken Brawler |
| 16:07 | Dragonhawk Rider |
| 16:07 | Dragonhawk Rider |
| 16:55 | Workshop |
| 16:57 | Workshop |
| 17:04 | Imbued Gunpowder |
| 17:30 | Peasant |
| 17:30 | Peasant |
| 17:37 | Lumber Mill |
| 18:24 | Mortar Team |
| 18:25 | Mortar Team |
| 18:28 | Mortar Team |
| 18:35 | Fragmentation Shards |
| 18:35 | Mortar Team |
| 18:45 | Dragonhide Armor |
| 19:31 | Lesser Clarity Potion |
| 19:32 | Potion of Healing |
| 19:32 | Potion of Mana |
| 19:32 | Potion of Healing |
| 19:33 | Potion of Healing |
| 19:44 | Storm Bolt |
| 19:53 | Mortar Team |
| 19:56 | Farm |
| 20:01 | Farm |
| 21:17 | Barrage |
| 21:17 | Siege Engine |
| 21:17 | Siege Engine |
| 23:43 | Siege Engine |
| 23:43 | Siege Engine |
| 24:09 | Bash |
| 24:33 | Siege Engine |
| 24:33 | Siege Engine |
| 24:33 | Siege Engine |
| 24:36 | Breath of Fire |
| 24:43 | Scroll of Healing |
| 24:46 | Scroll of Healing |
| 24:50 | Storm Bolt |
| 24:52 | Potion of Lesser Invulnerability |
| 25:38 | Siege Engine |
| 25:38 | Siege Engine |
| 25:42 | Farm |
| 25:43 | Farm |
| 26:26 | Iron Plating |
| 28:42 | Siege Engine |
| 28:42 | Siege Engine |
| 29:14 | Scout Tower |
| 29:15 | Scout Tower |
| 29:17 | Scout Tower |
| 30:25 | Scroll of Regeneration |
| 31:03 | Scroll of Town Portal |
| Right click | 1774 |
| Select group | 492 |
| Select | 403 |
| Build/train/purchase | 144 |
| Resource trade | 50 |
| Assign group | 41 |
| Chat | 40 |
| Misc. action | 38 |
| Use ability | 37 |
| Minimap ping | 7 |
| Remove unit | 6 |
| Item give/drop | 4 |
| Esc | 1 |
AboveSky
(31:13) : 
| Scroll of Regeneration | 2 | 200 |
| Lesser Clarity Potion | 3 | 210 |
| Mechanical Critter | 2 | 100 |
| Scroll of Town Portal | 2 | 700 |
| total: | 9 | 1210g |
| Peasant | 17 | 1275 | / | 0 |
| Dragonhawk Rider | 11 | 2200 | / | 330 |
| Gryphon Rider | 2 | 560 | / | 140 |
| Siege Engine | 13 | 2535 | / | 780 |
| total: | 43 | 6570g | / | 1250w |
| Scout Tower | 14 | 420 | / | 280 |
| Guard Tower | 11 | 770 | / | 550 |
| Arcane Tower | 2 | 140 | / | 100 |
| Altar of Kings | 1 | 180 | / | 50 |
| Farm | 11 | 880 | / | 220 |
| Lumber Mill | 2 | 240 | / | 0 |
| Arcane Vault | 1 | 130 | / | 30 |
| Town Hall | 1 | 385 | / | 205 |
| Barracks | 1 | 160 | / | 60 |
| Blacksmith | 1 | 140 | / | 60 |
| Gryphon Aviary | 4 | 560 | / | 600 |
| Workshop | 4 | 560 | / | 560 |
| Keep | 1 | 320 | / | 210 |
| Castle | 1 | 360 | / | 210 |
| total: | 40 | 3655g | / | 2065w |
| 0:05 | Altar of Kings |
| 0:06 | Peasant |
| 0:06 | Peasant |
| 0:09 | Farm |
| 0:32 | Peasant |
| 0:49 | Peasant |
| 1:03 | Peasant |
| 1:14 | Peasant |
| 1:29 | Lumber Mill |
| 1:35 | Peasant |
| 1:54 | Peasant |
| 2:24 | Breath of Fire |
| 2:29 | Farm |
| 2:44 | Breath of Fire |
| 3:05 | Peasant |
| 4:03 | Keep |
| 4:18 | Scout Tower |
| 5:02 | Scout Tower |
| 5:03 | Scout Tower |
| 5:23 | Guard Tower |
| 5:27 | Guard Tower |
| 5:31 | Arcane Vault |
| 5:37 | Arcane Tower |
| 5:42 | Improved Lumber Harvesting |
| 6:18 | Scroll of Regeneration |
| 6:26 | Town Hall |
| 6:38 | Scout Tower |
| 6:40 | Peasant |
| 6:49 | Lesser Clarity Potion |
| 7:08 | Guard Tower |
| 8:12 | Drunken Brawler |
| 8:24 | Lumber Mill |
| 8:25 | Peasant |
| 8:29 | Peasant |
| 8:35 | Castle |
| 8:37 | Gryphon Aviary |
| 8:51 | Lesser Clarity Potion |
| 9:03 | Advanced Lumber Harvesting |
| 9:07 | Peasant |
| 9:07 | Peasant |
| 9:07 | Peasant |
| 9:11 | Farm |
| 9:18 | Scout Tower |
| 9:25 | Scout Tower |
| 9:29 | Scout Tower |
| 9:45 | Guard Tower |
| 9:58 | Arcane Tower |
| 10:15 | Scout Tower |
| 10:20 | Guard Tower |
| 10:27 | Dragonhawk Rider |
| 10:36 | Dragonhawk Rider |
| 10:43 | Barracks |
| 10:46 | Gryphon Aviary |
| 11:00 | Improved Masonry |
| 11:03 | Guard Tower |
| 11:22 | Cloud |
| 11:30 | Peasant |
| 11:31 | Peasant |
| 11:53 | Dragonhawk Rider |
| 11:58 | Blacksmith |
| 12:14 | Dragonhawk Rider |
| 12:23 | Gryphon Aviary |
| 12:42 | Storm Hammers |
| 12:47 | Farm |
| 12:48 | Farm |
| 12:50 | Farm |
| 13:30 | Black Gunpowder |
| 13:39 | Farm |
| 13:40 | Farm |
| 13:55 | Dragonhawk Rider |
| 13:55 | Dragonhawk Rider |
| 15:30 | Breath of Fire |
| 15:33 | Dragonhawk Rider |
| 15:58 | Dragonhawk Rider |
| 16:06 | Dragonhawk Rider |
| 16:07 | Dragonhawk Rider |
| 16:09 | Gryphon Aviary |
| 16:27 | Drunken Haze |
| 17:08 | Dragonhawk Rider |
| 17:10 | Refined Gunpowder |
| 17:11 | Studded Leather Armor |
| 17:19 | Lesser Clarity Potion |
| 17:19 | Scroll of Regeneration |
| 17:29 | Advanced Masonry |
| 17:53 | Farm |
| 18:38 | Farm |
| 18:39 | Farm |
| 18:54 | Imbued Gunpowder |
| 19:01 | Gryphon Rider |
| 19:33 | Scroll of Town Portal |
| 19:45 | Gryphon Rider |
| 21:57 | Workshop |
| 21:59 | Workshop |
| 22:05 | Workshop |
| 22:09 | Scroll of Town Portal |
| 22:10 | Mechanical Critter |
| 22:10 | Mechanical Critter |
| 22:32 | Siege Engine |
| 22:39 | Siege Engine |
| 22:49 | Barrage |
| 23:11 | Siege Engine |
| 23:18 | Siege Engine |
| 23:48 | Siege Engine |
| 23:49 | Siege Engine |
| 23:52 | Siege Engine |
| 24:30 | Siege Engine |
| 24:45 | Scout Tower |
| 25:07 | Iron Plating |
| 25:56 | Workshop |
| 26:29 | Guard Tower |
| 26:32 | Siege Engine |
| 27:07 | Siege Engine |
| 27:13 | Steel Plating |
| 29:11 | Siege Engine |
| 29:16 | Scout Tower |
| 29:17 | Scout Tower |
| 29:17 | Scout Tower |
| 29:18 | Scout Tower |
| 29:34 | Guard Tower |
| 29:37 | Guard Tower |
| 30:06 | Guard Tower |
| 30:06 | Scout Tower |
| 30:32 | Guard Tower |
| 30:47 | Siege Engine |
| 30:48 | Siege Engine |
| Right click | 1287 |
| Select group | 749 |
| Select | 526 |
| Build/train/purchase | 108 |
| Resource trade | 91 |
| Use ability | 49 |
| Assign group | 41 |
| Misc. action | 36 |
| Chat | 7 |
| Item give/drop | 1 |
| Remove unit | 1 |
| Minimap ping | 1 |

| Lesser Clarity Potion | 2 | 140 |
| Scroll of Town Portal | 1 | 350 |
| Scroll of Regeneration | 1 | 100 |
| total: | 4 | 590g |
| Wisp | 28 | 1680 | / | 0 |
| Huntress | 16 | 3120 | / | 320 |
| Glaive Thrower | 1 | 210 | / | 65 |
| Chimaera | 7 | 2310 | / | 490 |
| Mountain Giant | 4 | 1400 | / | 400 |
| total: | 56 | 8720g | / | 1275w |
| Ancient Protector | 1 | 135 | / | 80 |
| Hunter's Hall | 1 | 210 | / | 100 |
| Ancient of War | 3 | 450 | / | 180 |
| Moon Well | 6 | 1080 | / | 240 |
| Altar of Elders | 1 | 180 | / | 50 |
| Ancient of Wonders | 1 | 90 | / | 30 |
| Tree of Life | 4 | 1360 | / | 740 |
| Ancient of Wind | 1 | 150 | / | 140 |
| Ancient of Lore | 3 | 465 | / | 435 |
| Chimaera Roost | 3 | 420 | / | 570 |
| Tree of Ages | 1 | 320 | / | 180 |
| Tree of Eternity | 1 | 330 | / | 200 |
| total: | 24 | 4540g | / | 2565w |
| 0:02 | Wisp |
| 0:02 | Wisp |
| 0:19 | Hunter's Hall |
| 0:27 | Wisp |
| 0:32 | Ancient of War |
| 0:34 | Wisp |
| 0:46 | Moon Well |
| 0:53 | Wisp |
| 1:04 | Wisp |
| 1:11 | Altar of Elders |
| 1:14 | Wisp |
| 1:18 | Ancient of War |
| 1:22 | Moon Well |
| 1:37 | Huntress |
| 1:42 | Ancient of War |
| 1:46 | Wisp |
| 1:58 | Wisp |
| 2:06 | Wisp |
| 2:09 | Huntress |
| 2:21 | Huntress |
| 2:27 | Moon Well |
| 2:31 | Moon Well |
| 2:43 | Huntress |
| 2:45 | Breath of Fire |
| 2:54 | Moon Well |
| 3:10 | Strength of the Moon |
| 3:10 | Ultravision |
| 3:24 | Huntress |
| 3:53 | Huntress |
| 4:16 | Huntress |
| 4:48 | Huntress |
| 5:00 | Huntress |
| 5:45 | Drunken Brawler |
| 6:15 | Lesser Clarity Potion |
| 6:18 | Scroll of Regeneration |
| 6:31 | Glaive Thrower |
| 6:38 | Huntress |
| 6:48 | Moon Well |
| 7:50 | Huntress |
| 8:01 | Huntress |
| 8:26 | Huntress |
| 8:52 | Ancient of Wonders |
| 9:12 | Tree of Life |
| 9:24 | Tree of Life |
| 9:37 | Huntress |
| 10:02 | Breath of Fire |
| 10:55 | Tree of Ages |
| 11:23 | Huntress |
| 12:39 | Wisp |
| 12:40 | Wisp |
| 13:19 | Drunken Brawler |
| 13:29 | Tree of Eternity |
| 13:32 | Wisp |
| 13:32 | Wisp |
| 13:46 | Improved Strength of the Moon |
| 14:19 | Ancient of Wind |
| 15:38 | Huntress |
| 16:16 | Chimaera Roost |
| 16:18 | Chimaera Roost |
| 16:21 | Chimaera Roost |
| 16:22 | Wisp |
| 16:22 | Wisp |
| 16:22 | Wisp |
| 16:22 | Wisp |
| 16:23 | Wisp |
| 16:48 | Wisp |
| 17:07 | Wisp |
| 17:14 | Tree of Life |
| 17:49 | Chimaera |
| 17:49 | Corrosive Breath |
| 18:22 | Wisp |
| 18:22 | Wisp |
| 18:34 | Tree of Life |
| 18:49 | Well Spring |
| 18:53 | Strength of the Wild |
| 18:58 | Chimaera |
| 18:59 | Chimaera |
| 19:31 | Wisp |
| 19:31 | Wisp |
| 19:32 | Wisp |
| 19:32 | Wisp |
| 19:32 | Wisp |
| 19:34 | Chimaera |
| 20:14 | Chimaera |
| 20:15 | Chimaera |
| 20:22 | Scroll of Town Portal |
| 20:32 | Chimaera |
| 22:51 | Breath of Fire |
| 23:15 | Ancient of Lore |
| 23:18 | Ancient of Lore |
| 24:29 | Ancient of Lore |
| 24:33 | Mountain Giant |
| 25:27 | Storm Earth and Fire |
| 26:18 | Hardened Skin |
| 26:20 | Resistant Skin |
| 26:22 | Mountain Giant |
| 27:33 | Mountain Giant |
| 28:33 | Lesser Clarity Potion |
| 28:39 | Mountain Giant |
| 29:18 | Ancient Protector |
| Right click | 2102 |
| Select group | 1050 |
| Select | 336 |
| Assign group | 159 |
| Build/train/purchase | 88 |
| Resource trade | 37 |
| Use ability | 36 |
| Minimap ping | 19 |
| Misc. action | 9 |
| Remove unit | 4 |
| Chat | 4 |